Workbook

Sheet INICIO
A2: COOPERATIVA
A5: DICIEMBRE / 2025

Sheet Brecha de Liquidez
B3: BRECHA DE LIQUIDEZ (*) | F3: Fecha: | G3: 46022
E4: Montos | F4: Montos | G4: Montos
B5: CALCE DE PLAZOS | E5: 30 días | F5: 60 días | G5: 90 días
B7: ACTIVO - INGRESOS | E7: =SUM(E8:E17) -> 0 | F7: =SUM(F8:F17) -> 0 | G7: =SUM(G8:G17) -> 0
B8: Fondos de la Empresa | F8: =+E8+(E8*0.015) -> 0 | G8: =+F8+(F8*0.015) -> 0
B9: Deposito a la Vista | F9: =+E9+(E9*0.015) -> 0 | G9: =+F9+(F9*0.015) -> 0
B10: Deposito a Vencer | F10: =+E10+(E10*0.015) -> 0 | G10: =+F10+(F10*0.015) -> 0
B11: Intereses sobre Depósitos a Cobrar | F11: =+E11+(E11*0.015) -> 0 | G11: =+F11+(F11*0.015) -> 0
B12: Intereses sobre Inversiones a Cobrar | F12: =+E12+(E12*0.015) -> 0 | G12: =+F12+(F12*0.015) -> 0
B13: Amortización de Capital sobre Préstamos a Cobrar | F13: =+E13+(E13*0.015) -> 0 | G13: =+F13+(F13*0.015) -> 0
B14: Intereses a Cobrar sobre Préstamos | F14: =+E14+(E14*0.015) -> 0 | G14: =+F14+(F14*0.015) -> 0
B15: Intereses sobre Tarjetas de Créditos a Cobrar | F15: =+E15+(E15*0.015) -> 0 | G15: =+F15+(F15*0.015) -> 0
B16: Deudores por Ventas a Cobrar | F16: =+E16+(E16*0.015) -> 0 | G16: =+F16+(F16*0.015) -> 0
B17: Otros Créditos a Cobrar | F17: =+E17+(E17*0.015) -> 0 | G17: =+F17+(F17*0.015) -> 0
E19: Montos | F19: Montos | G19: Montos
B20: PASIVOS - EGRESOS | E20: =SUM(E21:E28) -> 0 | F20: =SUM(F21:F28) -> 0 | G20: =SUM(G21:G28) -> 0
B21: Depositos Ahorros a la Vista | F21: =+E21+(E21*0.015) -> 0 | G21: =+F21+(F21*0.015) -> 0
B22: Depositos Ahorros a Plazo Fijo a vencer | F22: =+E22+(E22*0.015) -> 0 | G22: =+F22+(F22*0.015) -> 0
B23: Intereses sobre Ahorros a Pagar | F23: =+E23+(E23*0.015) -> 0 | G23: =+F23+(F23*0.015) -> 0
B24: Capital a Amortizar de Créditos Externos | F24: 0 | G24: 0
B25: Intereses sobre Créditos Externos | F25: 0 | G25: 0
B26: Deudas no financieras a pagar | F26: =+E26+(E26*0.015) -> 0 | G26: =+F26+(F26*0.015) -> 0
B27: Prestamos a Desembolsar | F27: =+E27+(E27*0.015) -> 0 | G27: =+F27+(F27*0.015) -> 0
B28: Aportaciones a retornar | F28: =+E28+(E28*0.015) -> 0 | G28: =+F28+(F28*0.015) -> 0

Sheet Prev. 1.1
A2: CLASIFICACIÓN DE CARTERA DE CREDITOS Y PREVISIONES. CARTERA TOTAL | J2: Fecha: 31/12/2025
A3: Categoria | B3: DEFINICIÓN | C3: % de Previsiones a Aplicar | D3: Saldo contable antes de previsiones | E3: Aportes | F3: Garantias Hipotecaria | G3: Garantias Prendarias | H3: Caución de Ahorros | I3: Previsiones a Aplicar | J3: Previsiones Constituidas | K3: Saldo Contable despúes de Previsiones
A4: A | B4: Saldo de Préstamos cuyos pagos se encuentran al día. | C4: 0 | K4: =+D4 -> 0
A5: B | B5: Saldo de Préstamos con atrasos desde 1 día y hasta 30 días. | C5: 0
A6: C | B6: Saldo de Préstamos con atrasos desde 31 días y hasta 60 días. | C6: 0
A7: D | B7: Saldo de Préstamos con atrasos desde 61 días y hasta 90 días. | C7: 2
A8: E | B8: Saldo de Préstamos con atrasos desde 91 días y hasta 180 días. | C8: 10
A9: F | B9: Saldo de Préstamos con atrasos desde 181 días y hasta 360 días. | C9: 20
A10: G | B10: Saldo de Préstamos con atrasos desde 361 días y hasta 540 días. | C10: 50
A11: H | B11: Saldo de Préstamos con atrasos mayores a 540 días. | C11: 100 | I11: =+D11 -> 0 | J11: =+D11 -> 0 | K11: 0
A12: TOTAL | D12: =SUM(D4:D11) -> 0 | E12: =SUM(E4:E11) -> 0 | F12: =SUM(F4:F11) -> 0 | G12: =SUM(G4:G11) -> 0 | H12: =SUM(H4:H11) -> 0 | I12: =SUM(I4:I11) -> 0 | J12: =SUM(J4:J11) -> 0 | K12: =SUM(K4:K11) -> 0
A19: CLASIFICACIÓN DE CARTERA DE CREDITOS Y PREVISIONES. CARTERA TOTAL | F19: =+J2 -> Fecha: 31/12/2025
A20: Categoria | B20: DEFINICIÓN | C20: % de Previsiones a Aplicar | D20: Intereses devengados reconocidos no cobrados | E20: Previsiones a Aplicar | F20: Previsiones Constituidas | G20: Saldo Contable despúes de Previsiones
A21: A | B21: Saldo de Préstamos cuyos pagos se encuentran al día. | C21: 0
A22: B | B22: Saldo de Préstamos con atrasos desde 1 día y hasta 30 días. | C22: 0
A23: C | B23: Saldo de Préstamos con atrasos desde 31 días y hasta 60 días. | C23: 0
A24: D | B24: Saldo de Préstamos con atrasos desde 61 días y hasta 90 días. | C24: 2
A25: E | B25: Saldo de Préstamos con atrasos desde 91 días y hasta 180 días. | C25: 10
A26: F | B26: Saldo de Préstamos con atrasos desde 181 días y hasta 360 días. | C26: 20
A27: G | B27: Saldo de Préstamos con atrasos desde 361 días y hasta 540 días. | C27: 50
A28: H | B28: Saldo de Préstamos con atrasos mayores a 540 días. | C28: 100
A29: TOTAL | D29: =SUM(D21:D28) -> 0 | E29: =SUM(E21:E28) -> 0 | F29: =SUM(F21:F28) -> 0 | G29: =SUM(G21:G28) -> 0
B32: CARTERA DE CRÉDITO JUDICIALIZADA
B33: Saldo de Préstamos cuyos pagos se encuentran al día.
B34: Saldo de Préstamos cuyos pagos se encuentran en mora.
B35: Total de la cartera | C35: =+C34 -> 0

Sheet Prev. 1.2
A2: CLASIFICACIÓN DE CARTERA DE CREDITOS Y PREVISIONES. CARTERA DE CRÉDITOS VINCULADOS. | J2: Fecha: 31/12/2025
A3: Categoria | B3: DEFINICIÓN | C3: % de Previsiones a Aplicar | D3: Saldo contable antes de previsiones | E3: Aportes | F3: Garantias Hipotecaria | G3: Garantias Prendarias | H3: Caución de Ahorros | I3: Previsiones a Aplicar | J3: Previsiones Constituidas | K3: Saldo Contable despúes de Previsiones
A4: A | B4: Saldo de Préstamos cuyos pagos se encuentran al día. | C4: 0 | K4: =+D4 -> 0
A5: B | B5: Saldo de Préstamos con atrasos desde 1 día y hasta 30 días. | C5: 0
A6: C | B6: Saldo de Préstamos con atrasos desde 31 días y hasta 60 días. | C6: 0
A7: D | B7: Saldo de Préstamos con atrasos desde 61 días y hasta 90 días. | C7: 2
A8: E | B8: Saldo de Préstamos con atrasos desde 91 días y hasta 180 días. | C8: 10
A9: F | B9: Saldo de Préstamos con atrasos desde 181 días y hasta 360 días. | C9: 20
A10: G | B10: Saldo de Préstamos con atrasos desde 361 días y hasta 540 días. | C10: 50
A11: H | B11: Saldo de Préstamos con atrasos mayores a 540 días. | C11: 100
A12: TOTAL | D12: =SUM(D4:D11) -> 0 | E12: =SUM(E4:E11) -> 0 | F12: =SUM(F4:F11) -> 0 | G12: =SUM(G4:G11) -> 0 | H12: =SUM(H4:H11) -> 0 | I12: =SUM(I4:I11) -> 0 | J12: =SUM(J4:J11) -> 0 | K12: =SUM(K4:K11) -> 0
A18: CLASIFICACIÓN DE CARTERA DE CREDITOS Y PREVISIONES. CARTERA DE CRÉDITOS VÍNCULADOS | F18: =+J2 -> Fecha: 31/12/2025
A19: Categoria | B19: DEFINICIÓN | C19: % de Previsiones a Aplicar | D19: Intereses devengados reconocidos no cobrados | E19: Previsiones a Aplicar | F19: Previsiones Constituidas | G19: Saldo Contable despúes de Previsiones
A20: A | B20: Saldo de Préstamos cuyos pagos se encuentran al día. | C20: 0
A21: B | B21: Saldo de Préstamos con atrasos desde 1 día y hasta 30 días. | C21: 0
A22: C | B22: Saldo de Préstamos con atrasos desde 31 días y hasta 60 días. | C22: 0
A23: D | B23: Saldo de Préstamos con atrasos desde 61 días y hasta 90 días. | C23: 2
A24: E | B24: Saldo de Préstamos con atrasos desde 91 días y hasta 180 días. | C24: 10
A25: F | B25: Saldo de Préstamos con atrasos desde 181 días y hasta 360 días. | C25: 20
A26: G | B26: Saldo de Préstamos con atrasos desde 361 días y hasta 540 días. | C26: 50
A27: H | B27: Saldo de Préstamos con atrasos mayores a 540 días. | C27: 100
A28: TOTAL | D28: =SUM(D20:D27) -> 0 | E28: =SUM(E20:E27) -> 0 | F28: =SUM(F20:F27) -> 0 | G28: =SUM(G20:G27) -> 0

Sheet Prev. 1.3
A2: CLASIFICACIÓN DE CARTERA DE CREDITOS Y PREVISIONES. CARTERA DE CRÉDITOS DE DIRECTIVOS Y CONYUGES. | J2: Fecha: 31/12/2025
A3: Categoria | B3: DEFINICIÓN | C3: % de Previsiones a Aplicar | D3: Saldo contable antes de previsiones | E3: Aportes | F3: Garantias Hipotecaria | G3: Garantias Prendarias | H3: Caución de Ahorros | I3: Previsiones a Aplicar | J3: Previsiones Constituidas | K3: Saldo Contable despúes de Previsiones
A4: A | B4: Saldo de Préstamos cuyos pagos se encuentran al día. | C4: 0 | K4: =+D4 -> 0
A5: B | B5: Saldo de Préstamos con atrasos desde 1 día y hasta 30 días. | C5: 0
A6: C | B6: Saldo de Préstamos con atrasos desde 31 días y hasta 60 días. | C6: 0
A7: D | B7: Saldo de Préstamos con atrasos desde 61 días y hasta 90 días. | C7: 2
A8: E | B8: Saldo de Préstamos con atrasos desde 91 días y hasta 180 días. | C8: 10
A9: F | B9: Saldo de Préstamos con atrasos desde 181 días y hasta 360 días. | C9: 20
A10: G | B10: Saldo de Préstamos con atrasos desde 361 días y hasta 540 días. | C10: 50
A11: H | B11: Saldo de Préstamos con atrasos mayores a 540 días. | C11: 100
A12: TOTAL | D12: =SUM(D4:D11) -> 0 | E12: =SUM(E4:E11) -> 0 | F12: =SUM(F4:F11) -> 0 | G12: =SUM(G4:G11) -> 0 | H12: =SUM(H4:H11) -> 0 | I12: =SUM(I4:I11) -> 0 | J12: =SUM(J4:J11) -> 0 | K12: =SUM(K4:K11) -> 0
A16: CLASIFICACIÓN DE CARTERA DE CREDITOS Y PREVISIONES. CARTERA DE CRÉDITOS DE DIRECTIVOS Y CONYUGES. | F16: =+J2 -> Fecha: 31/12/2025
A17: Categoria | B17: DEFINICIÓN | C17: % de Previsiones a Aplicar | D17: Intereses devengados reconocidos no cobrados | E17: Previsiones a Aplicar | F17: Previsiones Constituidas | G17: Saldo Contable despúes de Previsiones
A18: A | B18: Saldo de Préstamos cuyos pagos se encuentran al día. | C18: 0
A19: B | B19: Saldo de Préstamos con atrasos desde 1 día y hasta 30 días. | C19: 0
A20: C | B20: Saldo de Préstamos con atrasos desde 31 días y hasta 60 días. | C20: 0
A21: D | B21: Saldo de Préstamos con atrasos desde 61 días y hasta 90 días. | C21: 2
A22: E | B22: Saldo de Préstamos con atrasos desde 91 días y hasta 180 días. | C22: 10
A23: F | B23: Saldo de Préstamos con atrasos desde 181 días y hasta 360 días. | C23: 20
A24: G | B24: Saldo de Préstamos con atrasos desde 361 días y hasta 540 días. | C24: 50
A25: H | B25: Saldo de Préstamos con atrasos mayores a 540 días. | C25: 100
A26: TOTAL | D26: =SUM(D18:D25) -> 0 | E26: =SUM(E18:E25) -> 0 | F26: =SUM(F18:F25) -> 0 | G26: =SUM(G18:G25) -> 0

Sheet Prev. 1.4
A2: CLASIFICACIÓN DE CARTERA DE CREDITOS Y PREVISIONES. CARTERA DE CRÉDITOS DE MIEMBROS DE COMITES Y CONYUGES. | J2: Fecha: 31/12/2025
A3: Categoria | B3: DEFINICIÓN | C3: % de Previsiones a Aplicar | D3: Saldo contable antes de previsiones | E3: Aportes | F3: Garantias Hipotecaria | G3: Garantias Prendarias | H3: Caución de Ahorros | I3: Previsiones a Aplicar | J3: Previsiones Constituidas | K3: Saldo Contable despúes de Previsiones
A4: A | B4: Saldo de Préstamos cuyos pagos se encuentran al día. | C4: 0 | K4: =+D4 -> 0
A5: B | B5: Saldo de Préstamos con atrasos desde 1 día y hasta 30 días. | C5: 0
A6: C | B6: Saldo de Préstamos con atrasos desde 31 días y hasta 60 días. | C6: 0
A7: D | B7: Saldo de Préstamos con atrasos desde 61 días y hasta 90 días. | C7: 2
A8: E | B8: Saldo de Préstamos con atrasos desde 91 días y hasta 180 días. | C8: 10
A9: F | B9: Saldo de Préstamos con atrasos desde 181 días y hasta 360 días. | C9: 20
A10: G | B10: Saldo de Préstamos con atrasos desde 361 días y hasta 540 días. | C10: 50
A11: H | B11: Saldo de Préstamos con atrasos mayores a 540 días. | C11: 100
A12: TOTAL | D12: =SUM(D4:D11) -> 0 | E12: =SUM(E4:E11) -> 0 | F12: =SUM(F4:F11) -> 0 | G12: =SUM(G4:G11) -> 0 | H12: =SUM(H4:H11) -> 0 | I12: =SUM(I4:I11) -> 0 | J12: =SUM(J4:J11) -> 0 | K12: =SUM(K4:K11) -> 0
A18: CLASIFICACIÓN DE CARTERA DE CREDITOS Y PREVISIONES. CARTERA DE CRÉDITOS DE MIEMBROS DE COMITES Y CONYUGES. | F18: =+J2 -> Fecha: 31/12/2025
A19: Categoria | B19: DEFINICIÓN | C19: % de Previsiones a Aplicar | D19: Intereses devengados reconocidos no cobrados | E19: Previsiones a Aplicar | F19: Previsiones Constituidas | G19: Previsiones Constituidas
A20: A | B20: Saldo de Préstamos cuyos pagos se encuentran al día. | C20: 0
A21: B | B21: Saldo de Préstamos con atrasos desde 1 día y hasta 30 días. | C21: 0
A22: C | B22: Saldo de Préstamos con atrasos desde 31 días y hasta 60 días. | C22: 0
A23: D | B23: Saldo de Préstamos con atrasos desde 61 días y hasta 90 días. | C23: 2
A24: E | B24: Saldo de Préstamos con atrasos desde 91 días y hasta 180 días. | C24: 10
A25: F | B25: Saldo de Préstamos con atrasos desde 181 días y hasta 360 días. | C25: 20
A26: G | B26: Saldo de Préstamos con atrasos desde 361 días y hasta 540 días. | C26: 50
A27: H | B27: Saldo de Préstamos con atrasos mayores a 540 días. | C27: 100
A28: TOTAL | D28: =SUM(D20:D27) -> 0 | E28: =SUM(E20:E27) -> 0 | F28: =SUM(F20:F27) -> 0 | G28: =SUM(G20:G27) -> 0

Sheet Prev. 1.5
A2: CLASIFICACIÓN DE CARTERA DE CREDITOS Y PREVISIONES. CARTERA DE CRÉDITOS DE EMPLEADOS CON POTESTAD DE OTORGAR CRÉDITOS Y CONYUGES. | J2: Fecha: 31/12/2024
A3: Categoria | B3: DEFINICIÓN | C3: % de Previsiones a Aplicar | D3: Saldo contable antes de previsiones | E3: Aportes | F3: Garantias Hipotecaria | G3: Garantias Prendarias | H3: Caución de Ahorros | I3: Previsiones a Aplicar | J3: Previsiones Constituidas | K3: Saldo Contable despúes de Previsiones
A4: A | B4: Saldo de Préstamos cuyos pagos se encuentran al día. | C4: 0
A5: B | B5: Saldo de Préstamos con atrasos desde 1 día y hasta 30 días. | C5: 0
A6: C | B6: Saldo de Préstamos con atrasos desde 31 días y hasta 60 días. | C6: 0
A7: D | B7: Saldo de Préstamos con atrasos desde 61 días y hasta 90 días. | C7: 2
A8: E | B8: Saldo de Préstamos con atrasos desde 91 días y hasta 180 días. | C8: 10
A9: F | B9: Saldo de Préstamos con atrasos desde 181 días y hasta 360 días. | C9: 20
A10: G | B10: Saldo de Préstamos con atrasos desde 361 días y hasta 540 días. | C10: 50
A11: H | B11: Saldo de Préstamos con atrasos mayores a 540 días. | C11: 100
A12: TOTAL | D12: =SUM(D4:D11) -> 0 | E12: =SUM(E4:E11) -> 0 | F12: =SUM(F4:F11) -> 0 | G12: =SUM(G4:G11) -> 0 | H12: =SUM(H4:H11) -> 0 | I12: =SUM(I4:I11) -> 0 | J12: =SUM(J4:J11) -> 0 | K12: =SUM(K4:K11) -> 0
A18: CLASIFICACIÓN DE CARTERA DE CREDITOS Y PREVISIONES. CARTERA DE CRÉDITOS DE EMPLEADOS CON POTESTAD DE OTORGAR CRÉDITOS Y CONYUGES. | F18: Fecha: 31/12/2024
A19: Categoria | B19: DEFINICIÓN | C19: % de Previsiones a Aplicar | D19: Intereses devengados reconocidos no cobrados | E19: Previsiones a Aplicar | F19: Previsiones Constituidas | G19: Previsiones Constituidas
A20: A | B20: Saldo de Préstamos cuyos pagos se encuentran al día. | C20: 0
A21: B | B21: Saldo de Préstamos con atrasos desde 1 día y hasta 30 días. | C21: 0
A22: C | B22: Saldo de Préstamos con atrasos desde 31 días y hasta 60 días. | C22: 0
A23: D | B23: Saldo de Préstamos con atrasos desde 61 días y hasta 90 días. | C23: 2
A24: E | B24: Saldo de Préstamos con atrasos desde 91 días y hasta 180 días. | C24: 10
A25: F | B25: Saldo de Préstamos con atrasos desde 181 días y hasta 360 días. | C25: 20
A26: G | B26: Saldo de Préstamos con atrasos desde 361 días y hasta 540 días. | C26: 50
A27: H | B27: Saldo de Préstamos con atrasos mayores a 540 días. | C27: 100
A28: TOTAL | D28: =SUM(D20:D27) -> 0 | E28: =SUM(E20:E27) -> 0 | F28: =SUM(F20:F27) -> 0 | G28: =SUM(G20:G27) -> 0

Sheet Prev. Depositos Vista
B3: PREVISIONES SOBRE DEPÓSITOS A LA VISTA | G3: Fecha:31/12/2024
B4: Categoria de Riesgos | C4: DÍAS DE NO RECUPERACIÓN | D4: % de Previsiones Requeridas sobre el capital en riesgo | E4: Cartera de Depósitos a la Vista | F4: Previsiones Requeridas | G4: Previsiones Constituidas
C5: Hasta 15 días | D5: 0 | F5: 0
B6: 1 | C6: De 16 a 30 días | D6: 0.15 | F6: =E6*D6 -> 0
B7: 2 | C7: De 31 a 45 días | D7: 0.3 | F7: =E7*D7 -> 0
B8: 3 | C8: De 46 a 60 días | D8: 0.45 | F8: =E8*D8 -> 0
B9: 4 | C9: De 61 a 75 días | D9: 0.7 | F9: =E9*D9 -> 0
B10: 5 | C10: Más de 75 días | D10: 1 | F10: =E10*D10 -> 0
C11: Total | E11: =SUM(E5:E10) -> 0 | F11: =SUM(F5:F10) -> 0 | G11: =SUM(G5:G10) -> 0

Sheet Prev. Depositos Plazo
B3: PREVISIONES SOBRE DEPÓSITOS A PLAZOS Y OTRAS INVERSIONES FINANCIERAS | G3: Fecha: DD/MM/AA
B4: Categoria de Riesgo | C4: DÍAS DE NO RECUPERACIÓN | D4: % de Previsiones Requeridas sobre el capital en riesgo | E4: Cartera de Depósitos a Plazos y Otras Inversiones | F4: Previsiones Requeridas | G4: Previsiones Constituidas
C5: Al día (*) | D5: 0 | F5: 0
B6: 1 | C6: De 1 a 60 días | D6: 0.15 | F6: =E6*D6 -> 0
B7: 2 | C7: De 61 a 120 días | D7: 0.3 | F7: =E7*D7 -> 0
B8: 3 | C8: De 121 a 180 días | D8: 0.45 | F8: =E8*D8 -> 0
B9: 4 | C9: De 181 a 360 días | D9: 0.7 | F9: =E9*D9 -> 0
B10: 5 | C10: Más de 360 días | D10: 1 | F10: =E10*D10 -> 0
C11: Total | D11: 1 | E11: =SUM(E5:E10) -> 0 | F11: =SUM(F5:F10) -> 0 | G11: =SUM(G5:G10) -> 0
B12: (*) Depósitos a plazos y otras inversiones financieras que aún no vencen.

Sheet Concentración de Créditos
C3: Concentración de la Cartera de Créditos por Socios
D5: Fecha: 31/12/2025
C6: Número de Socios | D6: Montos
C7: Mayor Deudor
C8: 2° Mayor Deudor
C9: 3° Mayor Deudor
C10: 4° Mayor Deudor
C11: 5° Mayor Deudor
C12: 6° Mayor Deudor
C13: 7° Mayor Deudor
C14: 8° Mayor Deudor
C15: 9° Mayor Deudor
C16: 10 Mayores Deudores
C17: 20 Mayores Deudores
C18: 50 Mayores Deudores
... C20: Demás Deudores
C21: Total de Cartera | D21: =SUM(D19:D20) -> 0
C23: Mayor deudor: se registrará el monto mayor de crédito, o créditos que sumen el mayor monto, otorgado a un solo socio.
C24: 2° Mayor deudor: se registrará el monto del crédito, o créditos, que sea el segundo en cuanto al monto otorgado a un solo socio.
C25: 3° Mayor Deudor: se registrará el monto del crédito, o créditos, que ocupe el tercer lugar en cuanto a monto otorgado a un solo socio.
C26: 10 Mayores deudores: se registrará la suma de los créditos otorgados a los 10 mayores deudores.
C27: 20 Mayores deudores: se registrará la suma de los créditos otorgados a los 20 mayores deudores (incluye a los 10 mayores deudores).
C28: 50 Mayores deudores: se registrará la suma de los créditos otorgados a los 50 mayores deudores (incluye a los 20 mayores deudores).
C29: 100 Mayores deudores: se registrará la suma de los créditos otorgados a los 100 mayores deudores (incluye a los 50 mayores deudores).
C30: Demás deudores: se registra el resto de la cartera, que será igual a la cartera bruta total menos los 100 mayores deudores.
C31: Cartera total: se registra el total de la cartera bruta de créditos.

Sheet Concentración de Créditos Venc.
C3: Concentración de la Cartera de Créditos Vencida por Socios
D5: Fecha: 31/12/2025
C6: Número de Socios | D6: Montos
C7: Mayor Deudor en mora
C8: 2° Mayor Deudor en mora
C9: 3° Mayor Deudor en mora
C10: 4° Mayor Deudor en mora
C11: 5° Mayor Deudor en mora
C12: 6° Mayor Deudor en mora
C13: 7° Mayor Deudor en mora
C14: 8° Mayor Deudor en mora
C15: 9° Mayor Deudor en mora
C16: 10 Mayores Deudores en mora
C17: 20 Mayores Deudores en mora
C18: 50 Mayores Deudores en mora
... C20: Demás Deudores en mora
C21: Total de Cartera en mora | D21: =SUM(D7:D20) -> 0
C22: Mayor deudor en mora: se registrará el monto mayor de crédito, o créditos que sumen el mayor monto, otorgado a un solo socio con mora mayor a 60 días.
C23: 2° Mayor deudor en mora: se registrará el monto del crédito, o créditos, que sea el segundo en cuanto al monto otorgado a un solo socio con mora mayor a 60 días.
C24: 3° Mayor deudor en mora: se registrará el monto del crédito, o créditos, que sea el tercero en cuanto al monto otorgado a un solo socio con mora mayor a 60 días.
C25: 10 Mayores deudores en mora: se registrará la suma de los créditos en mora con mayores montos correspondiente a primeros 10 socios.
C26: 20 Mayores deudores en mora: se registrará la suma de los créditos en mora con mayores montos correspondiente a primeros 20 socios (incluye a los 10 mayores deudores en mora).
C27: 50 Mayores deudores en mora: se registrará la suma de los créditos en mora con mayores montos correspondiente a primeros 50 socios (incluye a los 20 mayores deudores en mora).
C28: 100 Mayores deudores en mora: se registrará la suma de los créditos en mora con mayores montos correspondiente a primeros 100 socios (incluye a los 50 mayores deudores en mora).
C29: Demás deudores en mora: se registra el resto de la cartera, que será igual a la cartera bruta total menos los 100 mayores deudores.
C30: Cartera Total en mora: se registra la cartera total en mora.

Sheet Concentración Ahorros
C3: Concentración de Ahorros por Socios.
D5: Fecha: 31/12/2025
C6: Número de Socios | D6: Montos
C7: Mayor Ahorrista
C8: 2° Mayor Ahorrista
C9: 3° Mayor Ahorrista
C10: 4° Mayor Ahorrista
C11: 5° Mayor Ahorrista
C12: 6° Mayor Ahorrista
C13: 7° Mayor Ahorrista
C14: 8° Mayor Ahorrista
C15: 9° Mayor Ahorrista
C16: 10 Mayores Ahorristas
C17: 20 Mayores Ahorristas
C18: 50 Mayores Ahorristas
... C20: Demás Ahorristas
C21: Total de Cartera | D21: =SUM(D19:D20) -> 0
C22: Mayor ahorrista: se registrará el mayor monto de ahorros (a la vista + a plazos) acumulado por un socio.
C23: 2° Mayor Ahorrista: se registrará el segundo mayor monto de ahorros acumulado por un socio.
C24: 3° Mayor Ahorrista: se registrará el tercer mayor monto de ahorros acumulado por un socio.
C25: 10 Mayores Ahorristas: se registrará suma de ahorros correspondientes a los 10 socios con mayores montos acumulados bajo esta modalidad.
C26: 20 Mayores Ahorristas: se registrará suma de ahorros correspondiente a los 20 socios con mayores montos acumulados bajo esta modalidad (incluye a los 10 Mayores ahorristas).
C27: 50 Mayores Ahorristas: se registrará suma de ahorros correspondientes a los 50 socios con mayores montos acumulados bajo esta modalidad (incluye a los 20 Mayores ahorristas).
C28: 100 Mayores Ahorristas: se registrará suma de ahorros correspondientes a los 100 socios con mayores montos acumulados bajo esta modalidad (incluye a los 50 Mayores ahorristas).
C29: Demás Ahorristas: se registra el resto de la cartera de ahorro, que será igual a la cartera total menos los 100 mayores ahorristas.
C30: Total de cartera de ahorros: se registra la cartera total de los ahorros.

Sheet Prev sobre Bienes adjudicados
C3: PREVISIONES SOBRE BIENES ADJUDICADOS O RECIBIDOS EN DACIÓN DE PAGO | H3: FECHA: DD/MM/AA
C4: Categoria | D4: DÍAS DE NO ENAJENACIÓN | E4: % de Previsión sobre valor del bien | F4: Valor del Bien | G4: Previsiones Requeridas | H4: Previsiones Constituidas
C5: 1 | D5: De 1 a 540 días | E5: 0 | G5: =F5*E5 -> 0
C6: 2 | D6: De 541 a 720 días | E6: 0.5 | G6: =F6*E6 -> 0
C7: 3 | D7: Más de 720 días | E7: 1 | G7: =F7*E7 -> 0
D8: Total | F8: =SUM(F5:F7) -> 0 | G8: =SUM(G5:G7) -> 0 | H8: =H5+H6+H7 -> 0
F11: 2110556665
F12: =+F11-F8 -> 2110556665

Sheet Prev s Otros Activos Riesgos
B3: PREVISIONES SOBRE OTROS ACTIVOS DE RIESGO. | G3: Fecha: DD/MM/AA
B4: Categoria | C4: DÍAS DE ANTIGÜEDAD | D4: % de Previsiones Requeridas | E4: Saldos | F4: Previsiones Requeridas | G4: Previsiones Constituidas
C5: De 1 a 29 días | D5: 0% sobre el saldo | F5: =E5*0 -> 0
B6: 1 | C6: De 30 a 60 días | D6: 25% sobre el saldo | F6: =E6*0.25 -> 0
B7: 2 | C7: De 61 a 90 días | D7: 50% sobre el saldo | F7: =E7*0.5 -> 0
B8: 3 | C8: Más de 90 días | D8: 100% sobre el saldo | F8: =E8*1 -> 0
C9: Total | E9: =E5+E6+E7+E8 -> 0 | F9: =F5+F6+F7+F8 -> 0 | G9: =G5+G6+G7+G8 -> 0

Sheet Depositos Bancos Gs
B2: Concentración de Depósitos.
B3: DEPÓSITOS EN BANCOS. En Guaraníes. | F3: Fecha: 31/12/2025
B4: BANCOS | C4: Cuenta Corriente | D4: A la vista | E4: Hasta 30 días de plazo | F4: Mayores a 30 días | G4: Monto total
B5: BANCO GNB | G5: =SUM(C5:F5) -> 0
B6: BANCO ATLAS | G6: =SUM(C6:F6) -> 0
B7: BANCO NAC. DE FOMENTO | G7: =SUM(C7:F7) -> 0
B8: BANCO CONTINENTAL | G8: =SUM(C8:F8) -> 0
B9: BANCO SUDAMERIS | G9: =SUM(C9:F9) -> 0
B10: ITAÚ BANCO | G10: =SUM(C10:F10) -> 0
B11: BANCO FAMILIAR | G11: =SUM(C11:F11) -> 0
B12: BANCOP | G12: =SUM(C12:F12) -> 0
B13: BANCO 09 | G13: =SUM(C13:F13) -> 0
B14: BANCO 10 | G14: =SUM(C14:F14) -> 0
B15: BANCO 11 | G15: =SUM(C15:F15) -> 0
B16: BANCO 12 | G16: =SUM(C16:F16) -> 0
... B19: BANCO 15 | G19: =SUM(C19:F19) -> 0
B20: TOTAL | C20: =SUM(C5:C19) -> 0 | D20: =SUM(D5:D19) -> 0 | E20: =SUM(E5:E19) -> 0 | F20: =SUM(F5:F19) -> 0 | G20: =SUM(G5:G19) -> 0

Sheet Depositos Bancos Ext
B2: Concentración de Depósitos.
B3: DEPÓSITOS EN BANCOS. En moneda Extranjera. | F3: Fecha: 31/12/2025
B4: BANCOS | C4: Cuenta Corriente | D4: A la vista | E4: Hasta 30 días de plazo | F4: Mayores a 30 días | G4: Monto total
B5: BANCO GNB | G5: =SUM(C5:F5) -> 0
B6: BANCO ATLAS | G6: =SUM(C6:F6) -> 0
B7: BANCO NAC. DE FOMENTO | G7: =SUM(C7:F7) -> 0
B8: BANCO CONTINENTAL | G8: =SUM(C8:F8) -> 0
B9: BANCO SUDAMERIS | G9: =SUM(C9:F9) -> 0
B10: ITAÚ BANCO | G10: =SUM(C10:F10) -> 0
B11: BANCO FAMILIAR | G11: =SUM(C11:F11) -> 0
B12: BANCO DO BRASIL | G12: =SUM(C12:F12) -> 0
B13: BANCOP | G13: =SUM(C13:F13) -> 0
B14: BANCO BASA S.A. | G14: =SUM(C14:F14) -> 0
B15: BANCO 11 | G15: =SUM(C15:F15) -> 0
B16: BANCO 12 | G16: =SUM(C16:F16) -> 0
... B19: BANCO 15 | G19: =SUM(C19:F19) -> 0
B20: TOTAL | C20: =SUM(C5:C19) -> 0 | D20: =SUM(D5:D19) -> 0 | E20: =SUM(E5:E19) -> 0 | F20: =SUM(F5:F19) -> 0 | G20: =SUM(G5:G19) -> 0
B22: TIPO DE CAMBIO | C22: 6572.46

Sheet Depositos Financieras Gs
B2: Concentración de Depósitos.
B3: DEPÓSITOS EN FINANCIERAS. En Guaraníes. | E3: Fecha: dd/mm/aa
B4: FINANCIERA | C4: A la vista | D4: Hasta 30 días de plazo | E4: Mayores a 30 días | F4: Monto total
B5: FINANCIERA 01 | F5: =SUM(C5:E5) -> 0
B6: FINANCIERA 02 | F6: =SUM(C6:E6) -> 0
B7: FINANCIERA 03 | F7: =SUM(C7:E7) -> 0
B8: FINANCIERA 04 | F8: =SUM(C8:E8) -> 0
B9: FINANCIERA 05 | F9: =SUM(C9:E9) -> 0
B10: FINANCIERA 06 | F10: =SUM(C10:E10) -> 0
B11: FINANCIERA 07 | F11: =SUM(C11:E11) -> 0
B12: FINANCIERA 08 | F12: =SUM(C12:E12) -> 0
B13: FINANCIERA 09 | F13: =SUM(C13:E13) -> 0
B14: FINANCIERA 10 | F14: =SUM(C14:E14) -> 0
B15: FINANCIERA 11 | F15: =SUM(C15:E15) -> 0
B16: FINANCIERA 12 | F16: =SUM(C16:E16) -> 0
... B19: FINANCIERA 15 | F19: =SUM(C19:E19) -> 0
B20: TOTAL | C20: =SUM(C5:C19) -> 0 | D20: =SUM(D5:D19) -> 0 | E20: =SUM(E5:E19) -> 0 | F20: =SUM(F5:F19) -> 0

Sheet Depositos Financieras Ext
B2: Concentración de Depósitos.
B3: DEPÓSITOS EN FINANCIERAS. En Moneda Extranjera. | E3: Fecha: dd/mm/aa
B4: BANCOS | C4: A la vista | D4: Hasta 30 días de plazo | E4: Mayores a 30 días | F4: Monto total
B5: FINANCIERA 01 | F5: =SUM(C5:E5) -> 0
B6: FINANCIERA 02 | F6: =SUM(C6:E6) -> 0
B7: FINANCIERA 03 | F7: =SUM(C7:E7) -> 0
B8: FINANCIERA 04 | F8: =SUM(C8:E8) -> 0
B9: FINANCIERA 05 | F9: =SUM(C9:E9) -> 0
B10: FINANCIERA 06 | F10: =SUM(C10:E10) -> 0
B11: FINANCIERA 07 | F11: =SUM(C11:E11) -> 0
B12: FINANCIERA 08 | F12: =SUM(C12:E12) -> 0
B13: FINANCIERA 09 | F13: =SUM(C13:E13) -> 0
B14: FINANCIERA 10 | F14: =SUM(C14:E14) -> 0
B15: FINANCIERA 11 | F15: =SUM(C15:E15) -> 0
B16: FINANCIERA 12 | F16: =SUM(C16:E16) -> 0
... B19: FINANCIERA 15 | F19: =SUM(C19:E19) -> 0
B20: TOTAL | C20: =SUM(C5:C19) -> 0 | D20: =SUM(D5:D19) -> 0 | E20: =SUM(E5:E19) -> 0 | F20: =SUM(F5:F19) -> 0
B22: TIPO DE CAMBIO

Sheet Depositos Coop. Gs
B2: Concentración de Depósitos.
B3: Concentración de Depósitos en Cooperativas. En Guaraníes. | E3: Fecha: dd/mm/aa
B4: CUENTAS EN COOPERATIVAS | C4: A la vista | D4: Hasta 30 días de plazo | E4: Mayores a 30 días | F4: Monto total
B5: COOPERATIVA 01 | F5: =C5+D5+E5 -> 0
B6: COOPERATIVA 02 | F6: =C6+D6+E6 -> 0
B7: COOPERATIVA 03 | F7: =C7+D7+E7 -> 0
B8: COOPERATIVA 04 | F8: =C8+D8+E8 -> 0
B9: COOPERATIVA 05 | F9: =C9+D9+E9 -> 0
B10: COOPERATIVA 06 | F10: =C10+D10+E10 -> 0
B11: COOPERATIVA 07 | F11: =C11+D11+E11 -> 0
B12: COOPERATIVA 08 | F12: =C12+D12+E12 -> 0
B13: COOPERATIVA 09 | F13: =C13+D13+E13 -> 0
B14: COOPERATIVA 10 | F14: =C14+D14+E14 -> 0
B15: COOPERATIVA 11 | F15: =C15+D15+E15 -> 0
B16: COOPERATIVA 12 | F16: =C16+D16+E16 -> 0
... B24: COOPERATIVA 20 | F24: =C24+D24+E24 -> 0
B25: TOTAL | C25: =SUM(C5:C24) -> 0 | D25: =SUM(D5:D24) -> 0 | E25: =SUM(E5:E24) -> 0 | F25: =SUM(F5:F24) -> 0
B30: Mayor monto depositado en un banco, financiera, central o cooperativa

Sheet Depositos Coop. Ext
B2: Concentración de Depósitos.
B3: Concentración de Depósitos en Cooperativas. En moneda Extranjera. | E3: Fecha: dd/mm/aa
B4: CUENTAS EN COOPERATIVAS | C4: A la vista | D4: Hasta 30 días de plazo | E4: Mayores a 30 días | F4: Monto total
B5: COOPERATIVA 01 | F5: =C5+D5+E5 -> 0
B6: COOPERATIVA 02 | F6: =C6+D6+E6 -> 0
B7: COOPERATIVA 03 | F7: =C7+D7+E7 -> 0
B8: COOPERATIVA 04 | F8: =C8+D8+E8 -> 0
B9: COOPERATIVA 05 | F9: =C9+D9+E9 -> 0
B10: COOPERATIVA 06 | F10: =C10+D10+E10 -> 0
B11: COOPERATIVA 07 | F11: =C11+D11+E11 -> 0
B12: COOPERATIVA 08 | F12: =C12+D12+E12 -> 0
B13: COOPERATIVA 09 | F13: =C13+D13+E13 -> 0
B14: COOPERATIVA 10 | F14: =C14+D14+E14 -> 0
B15: COOPERATIVA 11 | F15: =C15+D15+E15 -> 0
B16: COOPERATIVA 12 | F16: =C16+D16+E16 -> 0
... B24: COOPERATIVA 20 | F24: =C24+D24+E24 -> 0
B25: TOTAL | C25: =SUM(C5:C24) -> 0 | D25: =SUM(D5:D24) -> 0 | E25: =SUM(E5:E24) -> 0 | F25: =SUM(F5:F24) -> 0
B27: TIPO DE CAMBIO

Sheet Depositos Centrales Gs
B2: Concentración de Depósitos.
B3: Concentración de Depósitos en Centrales. En Guaraníes. | E3: Fecha: dd/mm/aa
B4: CUENTAS EN COOPERATIVAS | C4: A la vista | D4: Hasta 30 días de plazo | E4: Mayores a 30 días | F4: Monto total
B5: COOPERATIVA 01 | F5: =C5+D5+E5 -> 0
B6: COOPERATIVA 02 | F6: =C6+D6+E6 -> 0
B7: COOPERATIVA 03 | F7: =C7+D7+E7 -> 0
B8: COOPERATIVA 04 | F8: =C8+D8+E8 -> 0
B9: COOPERATIVA 05 | F9: =C9+D9+E9 -> 0
B10: COOPERATIVA 06 | F10: =C10+D10+E10 -> 0
B11: COOPERATIVA 07 | F11: =C11+D11+E11 -> 0
B12: COOPERATIVA 08 | F12: =C12+D12+E12 -> 0
B13: COOPERATIVA 09 | F13: =C13+D13+E13 -> 0
B14: COOPERATIVA 10 | F14: =C14+D14+E14 -> 0
B15: TOTAL | C15: =SUM(C5:C14) -> 0 | D15: =SUM(D5:D14) -> 0 | E15: =SUM(E5:E14) -> 0 | F15: =C15+D15+E15 -> 0

Sheet Depositos Centrales Ext
B2: Concentración de Depósitos.
B3: Concentración de Depósitos en Centrales. En moneda Extranjera. | E3: Fecha: dd/mm/aa
B4: CUENTAS EN COOPERATIVAS | C4: A la vista | D4: Hasta 30 días de plazo | E4: Mayores a 30 días | F4: Monto total
B5: COOPERATIVA 01 | F5: =C5+D5+E5 -> 0
B6: COOPERATIVA 02 | F6: =C6+D6+E6 -> 0
B7: COOPERATIVA 03 | F7: =C7+D7+E7 -> 0
B8: COOPERATIVA 04 | F8: =C8+D8+E8 -> 0
B9: COOPERATIVA 05 | F9: =C9+D9+E9 -> 0
B10: COOPERATIVA 06 | F10: =C10+D10+E10 -> 0
B11: COOPERATIVA 07 | F11: =C11+D11+E11 -> 0
B12: COOPERATIVA 08 | F12: =C12+D12+E12 -> 0
B13: COOPERATIVA 09 | F13: =C13+D13+E13 -> 0
B14: COOPERATIVA 10 | F14: =C14+D14+E14 -> 0
B15: TOTAL | C15: =SUM(C5:C14) -> 0 | D15: =SUM(D5:D14) -> 0 | E15: =SUM(E5:E14) -> 0 | F15: =C15+D15+E15 -> 0
B17: TIPO DE CAMBIO

Sheet Clasificación de Créditos
B3: CLASIFICACIÓN DE CRÉDITOS SEGÚN GARANTÍA | D3: Fecha: 31/12/2025
B4: CARTERA DE CREDITOS | D4: Monto
B5: Préstamos con Caución de Ahorro en la Entidad | D5: 0
B6: Prendarias | D6: 39500321001
B7: Préstamos con Garantía Hipotecaria | D7: 42690684220
B8: Créditos Garantizados con Titulos Valores del BCP y/o Gob. Nacional
B9: Créditos Garantizados con colocaciones en el BCP y titulos valores del Gobierno Nacional
B10: Créditos con codeudoría | D10: 707583610
B11: Créditos sin garantías | D11: 16713764430
B12: Cartera total de créditos | D12: =SUM(D5:D11) -> 99612353261

Sheet Balance General
H1: Codigo | I1: Valor - Sin separador de miles | J1: TXT
B3: BALANCE GENERAL
B4: EJERCICIO 12/2025
B5: Cód. Cuenta | C5: Descripción de Concepto | D5: Ejercicio Anterior | E5: Ejercicio Actual
B6: 10000000000 | C6: ACTIVO | D6: =D7+D80 -> 0 | E6: =E7+E80 -> 0
B7: 11000000000 | C7: REALIZABLE A CORTO PLAZO | D7: =D8+D24+D59+D69 -> 0 | E7: =E8+E24+E59+E69 -> 0
B8: 11100000000 | C8: DISPONIBILIDADES | D8: =D9+D12 -> 0 | E8: =E9+E12 -> 0
B9: 11101000000 | C9: Caja | D9: =D10+D11 -> 0 | E9: =E10+E11 -> 0
B10: 11101010000 | C10: Efectivo y Cheques a Depositar
B11: 11101020000 | C11: Fondos en la Empresa
B12: 11102000000 | C12: Depósitos | D12: =SUM(D13:D23) -> 0 | E12: =SUM(E13:E23) -> 0
B13: 11102010000 | C13: Depositos a la Vista Sector Cooperativo
B14: 11102020000 | C14: Depositos a la Vista Bancos
B15: 11102030000 | C15: Depositos a la Vista Ot. Inst. Financieras
B16: 11102040000 | C16: CDA Bancos del Pais | G16: Activos en Moneda Extranjera | H16: V001 | J16: =H16&";"&I16 -> V001;
B17: 11102050000 | C17: Valores Emitidos por el Sector Público | G17: Pasivos en Moneda Extranjera | H17: V002 | J17: =H17&";"&I17 -> V002;
B18: 11102060000 | C18: Valores Emitidos por el Sector Privado | G18: Cuentas corrientes en bancos | H18: V003 | J18: =H18&";"&I18 -> V003;
B19: 11102070000 | C19: Letras de Regulación Monetaria | G19: Previsiones requeridas para cartera de créditos | H19: V004 | J19: =H19&";"&I19 -> V004;
B20: 11102080000 | C20: Depósitos a Plazo Fijo Sector Cooperativo | G20: Previsiones requeridas para otros activos de riesgo | H20: V005 | J20: =H20&";"&I20 -> V005;
B21: 11102090000 | C21: Depósitos a Plazo Fijo Sector Bancos | G21: Mayor importe depositado en una institución financiera (acum) | H21: V006 | J21: =H21&";"&I21 -> V006;
B22: 11102100000 | C22: Depósitos a Plazo Fijo Ot. Inst. Financieras | G22: Cantidad de socios al cierre del ejercicio anterior | H22: V007 | J22: =H22&";"&I22 -> V007;
B23: 11102990000 | C23: (Previsiones Acum. Sobre Colocaciones) | G23: Cantidad de socios al cierre del período informado | H23: V009 | J23: =H23&";"&I23 -> V009;
B24: 11200000000 | C24: CREDITOS | D24: =D25+D37+D40+D50 -> 0 | E24: =E25+E37+E40+E50 -> 0 | G24: Bienes del Activo Fijo destinado a Actividades Sociales o Recreativas | H24: V010 | J24: =H24&";"&I24 -> V010;
B25: 11201000000 | C25: Préstamos | D25: =SUM(D26:D36) -> 0 | E25: =SUM(E26:E36) -> 0 | G25: Ingresos a 30 días | H25: V011 | J25: =H25&";"&I25 -> V011;
B26: 11201010000 | C26: Amortizables | G26: Egresos a 30 días | H26: V012 | J26: =H26&";"&I26 -> V012;
B27: 11201020000 | C27: Plazo Unico | G27: Mayor monto de crédito otorgado por la cooperativa a un socio | H27: V013 | J27: =H27&";"&I27 -> V013;
B28: 11201030000 | C28: Descuento de Documentos | G28: Cantidad de socios que poseen créditos al cierre del período informado | H28: V014 | J28: =H28&";"&I28 -> V014;
B29: 11201040000 | C29: Deudores Tarjetas de Crédito | G29: Mayor monto depositado por un socio en la cooperativa | H29: V015 | J29: =H29&";"&I29 -> V015;
B30: 11201050000 | C30: Cuenta Corriente Socios | G30: Cantidad de socios que poseen ahorros al cierre del período informado | H30: V016 | J30: =H30&";"&I30 -> V016;
B31: 11201060000 | C31: Prestamos Vinculados | G31: Cantidad de socios que poseen créditos y ahorros al cierre del período informado | H31: V017 | J31: =H31&";"&I31 -> V017;
B32: 11201070000 | C32: Prestamos a Ex Socios Pendiente de Cobro | G32: Pago realizado por la cooperativa en concepto de IRACIS | H32: V018 | J32: =H32&";"&I32 -> V018;
B33: 11201080000 | C33: Prestamos Vencidos | G33: Cartera de Crédito con mora cero | H33: V019 | J33: =H33&";"&I33 -> V019;
B34: 11201090000 | C34: Prestamos Refinanciados | G34: Cartera de Créditos con Riesgo Normal (Con mora de 1 a 30 días) | H34: V020 | J34: =H34&";"&I34 -> V020;
B35: 11201100000 | C35: Deudores por Bienes Destinados a la Venta | G35: Cartera de Créditos con Riesgo Aceptable (Con mora de 31 a 60 días) | H35: V021 | J35: =H35&";"&I35 -> V021;
B36: 11201990000 | C36: (Previsiones Acumuladas por Incobrables) | G36: Cartera de Créditos con Riesgo Potencial (Con mora de 61 a 90 días) | H36: V022 | J36: =H36&";"&I36 -> V022;
B37: 11202000000 | C37: Intereses Devengados | D37: =D38+D39 -> 0 | E37: =E38+E39 -> 0 | G37: Cartera de Créditos con Riesgo Significativo (Con mora de 91 a 180 días) | H37: V023 | J37: =H37&";"&I37 -> V023;
B38: 11202010000 | C38: Intereses Devengados s/ Créditos | G38: Cartera de Créditos con Riesgo Real (Con mora de 181 a 360 días) | H38: V024 | J38: =H38&";"&I38 -> V024;
B39: 11202020000 | C39: Intereses Devengados s/ Depósitos | G39: Cartera de Créditos con Alto Riesgo (Con mora de 361 a 540 días) | H39: V025 | J39: =H39&";"&I39 -> V025;
B40: 11203000000 | C40: Deudores por Comercialización | D40: =SUM(D41:D49) -> 0 | E40: =SUM(E41:E49) -> 0 | G40: Cartera de Créditos Irrecuperables (Con mora mayor a 540 días) | H40: V026 | J40: =H40&";"&I40 -> V026;
B41: 11203010000 | C41: Cheques Diferidos | G41: Previsiones sobre Cartera de Crédito con Riesgo Normal | H41: V027 | J41: =H41&";"&I41 -> V027;
B42: 11203020000 | C42: Documentos a Cobrar | G42: Previsiones sobre Cartera de Créditos con Riesgo Aceptable | H42: V028 | J42: =H42&";"&I42 -> V028;
B43: 11203030000 | C43: Letras a Cobrar | G43: Previsiones sobre Cartera de Créditos con Riesgo Potencial | H43: V029 | J43: =H43&";"&I43 -> V029;
B44: 11203040000 | C44: Hacienda | G44: Previsiones sobre Cartera de Créditos con Riesgo Significativo | H44: V030 | J44: =H44&";"&I44 -> V030;
B45: 11203050000 | C45: Productos Agrícolas | G45: Previsiones sobre Cartera de Créditos con Riesgo Real | H45: V031 | J45: =H45&";"&I45 -> V031;
B46: 11203060000 | C46: Productos Industriales | G46: Previsiones sobre Cartera de Créditos con Alto Riesgo | H46: V032 | J46: =H46&";"&I46 -> V032;
B47: 11203070000 | C47: Deudores por Ventas de Productos a Terceros | G47: Previsiones sobre Cartera de Créditos Irrecuperables | H47: V033 | J47: =H47&";"&I47 -> V033;
B48: 11203080000 | C48: Deudores por Ventas Vencidos | H48: A10000000000 | I48: =+E6 -> 0 | J48: =H48&";"&I48 -> A10000000000;0
B49: 11203990000 | C49: (Previsiones Acum. Por Deudores Incobrables) | H49: A11000000000 | I49: =+E7 -> 0 | J49: =H49&";"&I49 -> A11000000000;0
B50: 11204000000 | C50: Otros Créditos | D50: =SUM(D51:D58) -> 0 | E50: =SUM(E51:E58) -> 0 | H50: A11100000000 | I50: =+E8 -> 0 | J50: =H50&";"&I50 -> A11100000000;0
B51: 11204010000 | C51: Crédito Fiscal | H51: A11101000000 | I51: =+E9 -> 0 | J51: =H51&";"&I51 -> A11101000000;0
B52: 11204020000 | C52: Anticipos de Impuestos | H52: A11101010000 | I52: =+E10 -> 0 | J52: =H52&";"&I52 -> A11101010000;0
B53: 11204030000 | C53: Anticipos al Personal | H53: A11101020000 | I53: =+E11 -> 0 | J53: =H53&";"&I53 -> A11101020000;0
B54: 11204040000 | C54: Anticipos a Proveedores | H54: A11102000000 | I54: =+E12 -> 0 | J54: =H54&";"&I54 -> A11102000000;0
B55: 11204050000 | C55: Otros Anticipos | H55: A11102010000 | I55: =+E13 -> 0 | J55: =H55&";"&I55 -> A11102010000;0
B56: 11204060000 | C56: Créditos Diversos | H56: A11102020000 | I56: =+E14 -> 0 | J56: =H56&";"&I56 -> A11102020000;0
B57: 11204070000 | C57: Importaciones en Curso | H57: A11102030000 | I57: =+E15 -> 0 | J57: =H57&";"&I57 -> A11102030000;0
B58: 11204990000 | C58: (Previsiones Acum. Incobrables s/ Ot. Créditos) | H58: A11102040000 | I58: =+E16 -> 0 | J58: =H58&";"&I58 -> A11102040000;0
B59: 11300000000 | C59: EXISTENCIAS | D59: =D60 -> 0 | E59: =E60 -> 0 | H59: A11102050000 | I59: 0 | J59: =H59&";"&I59 -> A11102050000;0
B60: 11301000000 | C60: Existencias | D60: =SUM(D61:D68) -> 0 | E60: =SUM(E61:E68) -> 0 | H60: A11102060000 | I60: =+E17 -> 0 | J60: =H60&";"&I60 -> A11102060000;0
B61: 11301010000 | C61: Insumos | H61: A11102070000 | I61: =+E19 -> 0 | J61: =H61&";"&I61 -> A11102070000;0
B62: 11301020000 | C62: Materia Prima | H62: A11102080000 | I62: =+E20 -> 0 | J62: =H62&";"&I62 -> A11102080000;0
B63: 11301030000 | C63: Productos en Proceso | H63: A11102090000 | I63: =+E21 -> 0 | J63: =H63&";"&I63 -> A11102090000;0
B64: 11301040000 | C64: Productos Industriales | H64: A11102100000 | I64: =+E22 -> 0 | J64: =H64&";"&I64 -> A11102100000;0
B65: 11301050000 | C65: Productos Agrícolas | H65: A11102990000 | I65: =+E23 -> 0 | J65: =H65&";"&I65 -> A11102990000;0
B66: 11301060000 | C66: Mercaderías | H66: A11200000000 | I66: =+E24 -> 0 | J66: =H66&";"&I66 -> A11200000000;0
B67: 11301070000 | C67: Hacienda | H67: A11201000000 | I67: =+E25 -> 0 | J67: =H67&";"&I67 -> A11201000000;0
B68: 11301990000 | C68: (Previsiones Acum. Por Mermas, Deterioro) | H68: A11201010000 | I68: =+E26 -> 0 | J68: =H68&";"&I68 -> A11201010000;0
B69: 11400000000 | C69: OTROS ACTIVOS | D69: =D70+D74 -> 0 | E69: =E70+E74 -> 0 | H69: A11201020000 | I69: =+E27 -> 0 | J69: =H69&";"&I69 -> A11201020000;0
B70: 11401000000 | C70: Diversos | D70: =SUM(D71:D73) -> 0 | E70: =SUM(E71:E73) -> 0 | H70: A11201030000 | I70: =+E28 -> 0 | J70: =H70&";"&I70 -> A11201030000;0
B71: 11401010000 | C71: Transferencias Internas | H71: A11201040000 | I71: =+E29 -> 0 | J71: =H71&";"&I71 -> A11201040000;0
B72: 11401020000 | C72: Indemnizaciones Reclamadas por Siniestros | H72: A11201050000 | I72: =+E30 -> 0 | J72: =H72&";"&I72 -> A11201050000;0
B73: 11401990000 | C73: (Previsiones Acumuladas para Cred. Diversos) | H73: A11201060000 | I73: =+E31 -> 0 | J73: =H73&";"&I73 -> A11201060000;0
B74: 11402000000 | C74: Gastos Pagados por Adelantado | D74: =SUM(D75:D79) -> 0 | E74: =SUM(E75:E79) -> 0 | H74: A11201070000 | I74: =+E32 -> 0 | J74: =H74&";"&I74 -> A11201070000;0
B75: 11402010000 | C75: Materiales e Insumos en Existencias | H75: A11201080000 | I75: =+E33 -> 0 | J75: =H75&";"&I75 -> A11201080000;0
B76: 11402020000 | C76: Repuestos y Accesorios | H76: A11201090000 | I76: =+E34 -> 0 | J76: =H76&";"&I76 -> A11201090000;0
B77: 11402030000 | C77: Seguros Pagados por Adelantado | H77: A11201100000 | I77: =+E35 -> 0 | J77: =H77&";"&I77 -> A11201100000;0
B78: 11402040000 | C78: Alquileres Pagados por Adelantado | H78: A11201990000 | I78: =+E36 -> 0 | J78: =H78&";"&I78 -> A11201990000;0
B79: 11402050000 | C79: Publicidad y Propaganda | H79: A11202000000 | I79: =+E37 -> 0 | J79: =H79&";"&I79 -> A11202000000;0
B80: 12000000000 | C80: REALIZABLE A LARGO PLAZO | D80: =D81+D89+D117+D126+D143 -> 0 | E80: =E81+E89+E117+E126+E143 -> 0 | H80: A11202010000 | I80: =+E38 -> 0 | J80: =H80&";"&I80 -> A11202010000;0
B81: 12100000000 | C81: INSTRUMENTOS FINANCIEROS | D81: =D82 -> 0 | E81: =E82 -> 0 | H81: A11202020000 | I81: =+E39 -> 0 | J81: =H81&";"&I81 -> A11202020000;0
B82: 12101000000 | C82: Colocaciones | D82: =SUM(D83:D88) -> 0 | E82: =SUM(E83:E88) -> 0 | H82: A11203000000 | I82: =+E40 -> 0 | J82: =H82&";"&I82 -> A11203000000;0
B83: 12101010000 | C83: Colocaciones en Entidades Cooperativas | H83: A11203010000 | I83: =+E41 -> 0 | J83: =H83&";"&I83 -> A11203010000;0
B84: 12101020000 | C84: CDA Bancos del Pais | H84: A11203020000 | I84: =+E42 -> 0 | J84: =H84&";"&I84 -> A11203020000;0
B85: 12101030000 | C85: Valores Emitidos por el Sector Público | H85: A11203030000 | I85: =+E43 -> 0 | J85: =H85&";"&I85 -> A11203030000;0
B86: 12101040000 | C86: Valores Emitidos por el Sector Privado | H86: A11203040000 | I86: =+E44 -> 0 | J86: =H86&";"&I86 -> A11203040000;0
B87: 12101050000 | C87: Depósitos a Plazo Fijo Sector Cooperativo | H87: A11203050000 | I87: =+E45 -> 0 | J87: =H87&";"&I87 -> A11203050000;0
B88: 12101060000 | C88: Depósitos a Plazo Fijo Bancos | H88: A11203060000 | I88: =+E46 -> 0 | J88: =H88&";"&I88 -> A11203060000;0
B89: 12200000000 | C89: CREDITOS | D89: =D90+D101+D111 -> 0 | E89: =E90+E101+E111 -> 0 | H89: A11203070000 | I89: =+E47 -> 0 | J89: =H89&";"&I89 -> A11203070000;0
B90: 12201000000 | C90: Préstamos | D90: =SUM(D91:D100) -> 0 | E90: =SUM(E91:E100) -> 0 | H90: A11203080000 | I90: =+E48 -> 0 | J90: =H90&";"&I90 -> A11203080000;0
B91: 12201010000 | C91: Amortizables | H91: A11203990000 | I91: =+E49 -> 0 | J91: =H91&";"&I91 -> A11203990000;0
B92: 12201020000 | C92: Plazo Unico | H92: A11204000000 | I92: =+E50 -> 0 | J92: =H92&";"&I92 -> A11204000000;0
B93: 12201030000 | C93: Préstamos Vinculados | H93: A11204010000 | I93: =+E51 -> 0 | J93: =H93&";"&I93 -> A11204010000;0
B94: 12201040000 | C94: Préstamos a Ex Socios | H94: A11204020000 | I94: =+E52 -> 0 | J94: =H94&";"&I94 -> A11204020000;0
B95: 12201050000 | C95: Préstamos Refinanciados | H95: A11204030000 | I95: =+E53 -> 0 | J95: =H95&";"&I95 -> A11204030000;0
B96: 12201060000 | C96: Deudores por Bienes Destinados a la Venta | H96: A11204040000 | I96: =+E54 -> 0 | J96: =H96&";"&I96 -> A11204040000;0
B97: 12201070000 | C97: Préstamos Vencidos | H97: A11204050000 | I97: =+E55 -> 0 | J97: =H97&";"&I97 -> A11204050000;0
B98: 12201080000 | C98: Préstamos en Gestión Judicial | H98: A11204060000 | I98: =+E56 -> 0 | J98: =H98&";"&I98 -> A11204060000;0
B99: 12201090000 | C99: Préstamos en Gestión Judicial Tarjetas Crédito | H99: A11204070000 | I99: =+E57 -> 0 | J99: =H99&";"&I99 -> A11204070000;0
B100: 12201990000 | C100: (Prev. Acumulados por Incobrables) | H100: A11204990000 | I100: =+E58 -> 0 | J100: =H100&";"&I100 -> A11204990000;0
B101: 12202000000 | C101: Deudores por Comercialización | D101: =SUM(D102:D110) -> 0 | E101: =SUM(E102:E110) -> 0 | H101: A11300000000 | I101: =+E59 -> 0 | J101: =H101&";"&I101 -> A11300000000;0
...

Sheet Cuadro de Resultado
B3: CUADRO DE RESULTADO
B4: EJERCICIO 2025
B5: Cód. Cuenta | C5: Descripción de Concepto | D5: Ejercicio Anterior | E5: Ejercicio Actual
B6: 40000000000 | C6: INGRESOS | D6: =D7+D58 -> 0 | E6: =E7+E58 -> 0
B7: 41000000000 | C7: INGRESOS OPERATIVOS | D7: =D8+D27+D53 -> 0 | E7: =E8+E27+E53 -> 0
B8: 41100000000 | C8: Ingresos Operativos por Serv. Financieros | D8: =D9 -> 0 | E8: =E9 -> 0
B9: 41101000000 | C9: Ingresos Operativos Actividad Ahorro y Cred | D9: =SUM(D10:D26) -> 0 | E9: =SUM(E10:E26) -> 0
B10: 41101010000 | C10: Intereses Compensatorios sobre Prestamos
B11: 41101020000 | C11: Intereses Moratorios Cobrados
B12: 41101030000 | C12: Intereses Punitorios Cobrados
B13: 41101040000 | C13: Intereses Cobrados por Tarj. Créditos
B14: 41101050000 | C14: Comisiones Cobradas sobre Préstamos
B15: 41101060000 | C15: Intereses Cobrados s/ Dep. Vista
B16: 41101070000 | C16: Intereses Cobrados s/ Dep. a Plazo
B17: 41101080000 | C17: Intereses Cobrados s/ Inversiones
B18: 41101090000 | C18: Dividendos sobre Inversiones
B19: 41101100000 | C19: Cuotas de Ingreso no retornables
B20: 41101110000 | C20: Créditos Liquidados por Incobrables Recuperados
B21: 41101120000 | C21: Plusvalía por Venta de Inversiones
... B26: 41101170000 | C26: Desafectación de Previsiones
B27: 41200000000 | C27: Ingresos Operativos por Ventas | D27: =D28+D40 -> 0 | E27: =E28+E40 -> 0
B28: 41201000000 | C28: Ingresos Operativos por Ventas a Socios | D28: =SUM(D29:D39) -> 0 | E28: =SUM(E29:E39) -> 0
B29: 41201010000 | C29: Ventas Mercaderías
B30: 41201020000 | C30: Ventas Hospital
B31: 41201030000 | C31: Ventas Estancia
B32: 41201040000 | C32: Ventas Supermercado
B33: 41201050000 | C33: Ventas Estación de Servicios
B34: 41201060000 | C34: Ventas Productos Agropecuarios
B35: 41201070000 | C35: Servicios de Educación y Capacitación
B36: 41201080000 | C36: Ingresos por Servicios Básicos
B37: 41201090000 | C37: Ventas Productos Industrializados
B38: 41201100000 | C38: Servicios Protección a la Salud
B39: 41201110000 | C39: Otros Ingresos y Servicios
B40: 41202000000 | C40: Ingresos Operativos por Ventas a no Socios | D40: =SUM(D41:D52) -> 0 | E40: =SUM(E41:E52) -> 0
B41: 41202010000 | C41: Ventas Mercaderías
B42: 41202020000 | C42: Ventas Hospital
B43: 41202030000 | C43: Ventas Estancia
B44: 41202040000 | C44: Ventas Supermercado
B45: 41202050000 | C45: Ventas Estación de Servicios
B46: 41202060000 | C46: Ventas Productos Agropecuarios
B47: 41202070000 | C47: Servicios de Educación y Capacitación
B48: 41202080000 | C48: Ingresos por Servicios Básicos
B49: 41202090000 | C49: Otros ingresos y servicios
B50: 41202100000 | C50: Ventas Productos Industrializados
B51: 41202110000 | C51: Servicios Protección a la Salud
B52: 41202120000 | C52: Ventas a Entidades Públicas
B53: 41300000000 | C53: INGRESOS OPERATIVOS VARIOS | D53: =D54 -> 0 | E53: =E54 -> 0
B54: 41301000000 | C54: Ingresos Operativos Entidades Integración Coop | D54: =SUM(D55:D57) -> 0 | E54: =SUM(E55:E57) -> 0
B55: 41301010000 | C55: Cobro de Cuotas de sostenimiento
B56: 41301020000 | C56: Cobro Participación en Excedentes
B57: 41301030000 | C57: Otros Ingresos y Servicios
B58: 42000000000 | C58: INGRESOS NO OPERATIVOS | D58: =D59 -> 0 | E58: =E59 -> 0
B59: 42100000000 | C59: Ingresos Eventuales | D59: =D60 -> 0 | E59: =E60 -> 0
B60: 42101000000 | C60: Ingresos Varios | D60: =SUM(D61:D67) -> 0 | E60: =SUM(E61:E67) -> 0
B61: 42101010000 | C61: Diferencia de Cambio
B62: 42101020000 | C62: Utilidad en Venta de Activos Fijos
B63: 42101030000 | C63: Utilidad en Venta de Bienes Adjudicados
B64: 42101040000 | C64: Comisiones por Servicios de Cobranzas
B65: 42101050000 | C65: Alquileres Cobrados
B66: 42101060000 | C66: Ingresos Extraordinarios
B67: 42101070000 | C67: Otros Ingresos no Operativos
B69: 50000000000 | C69: EGRESOS | D69: =D70+D179 -> 0 | E69: =E70+E179 -> 0
B70: 51000000000 | C70: COSTOS Y GASTOS OPERATIVOS | D70: =D71+D116+D171 -> 0 | E70: =E71+E116+E171 -> 0
B71: 51100000000 | C71: Costos y Gastos Operativos Serv. Financieros | D71: =D72+D86 -> 0 | E71: =E72+E86 -> 0
B72: 51101000000 | C72: Costos Operativos Actividad Ahorro y Cred | D72: =SUM(D73:D85) -> 0 | E72: =SUM(E73:E85) -> 0
B73: 51101010000 | C73: Intereses Pagados a Ahorristas
B74: 51101020000 | C74: Intereses Pagados a Otras Entidades
B75: 51101030000 | C75: Creditos Liquidados por Incobrables
B76: 51101040000 | C76: Previsiones sobre Préstamos Incobrables
B77: 51101050000 | C77: Prevision sobre Disponibilidades
B78: 51101060000 | C78: Prevision sobre Colocaciones
B79: 51101070000 | C79: Prevision sobre Inversiones
B80: 51101080000 | C80: Prevision sobre Bienes Adjudicados
B81: 51101090000 | C81: Prevision sobre Activos Restringidos
B82: 51101100000 | C82: Prevision sobre otros creditos
B83: 51101110000 | C83: Prevision sobre Diversos
B84: 51101120000 | C84: Sobrecosto en compra de Inversiones
B85: 51101130000 | C85: Costo Procesamiento Tarjetas Debito y Crèdito
B86: 51102000000 | C86: Gastos Administrativos por Act. Ahorro Cred. | D86: =SUM(D87:D115) -> 0 | E86: =SUM(E87:E115) -> 0
B87: 51102010000 | C87: Sueldos Personal Administrativo y Otros
B88: 51102020000 | C88: Beneficios sociales
B89: 51102030000 | C89: Servicios Publicos
B90: 51102040000 | C90: Materiales, Utiles y Papeleria
B91: 51102050000 | C91: Depreciación del Ejercicio
B92: 51102060000 | C92: Amortizacion Cargos Diferidos
B93: 51102070000 | C93: Prevision para Creditos Diversos
B94: 51102080000 | C94: Honorarios Profesionales
B95: 51102090000 | C95: Servicios de Terceros
B96: 51102100000 | C96: Reparacion y Mantenimiento
B97: 51102110000 | C97: Procesamiento de Datos
B98: 51102120000 | C98: Seguros
... B115: 51102290000 | C115: Capacitaciòn
B116: 51200000000 | C116: Costos y Gastos Operativos por Ventas | D116: =D117+D131+D162 -> 0 | E116: =E117+E131+E162 -> 0
B117: 51201000000 | C117: Costos Operativos por Ventas | D117: =SUM(D118:D130) -> 0 | E117: =SUM(E118:E130) -> 0
B118: 51201010000 | C118: Costo de Venta de Mercaderìas
B119: 51201020000 | C119: Costo de Venta Hospital
B120: 51201030000 | C120: Costo de Venta Estancia
B121: 51201040000 | C121: Costo de Venta Supermercado
B122: 51201050000 | C122: Costo de Venta Estaciòn de Servicio
B123: 51201060000 | C123: Costo de Venta Productos Agropecuarios
...

Sheet Ejecución Presupuestaria
B3: EJECUCIÓN PRESUPUESTARIA AL 31/12/2025
B4: Tipo de Saldo: Acumulado. | D4: Ejecutado | E4: Presupuestado | F4: Diferencia | G4: Variación %
B5: I40000000000 | C5: INGRESOS | D5: =+D6+D57 -> 0 | E5: =+E6+E57 -> 0 | F5: =E5-D5 -> 0 | G5: =IFERROR(D5*100/E5,0) -> 0
B6: I41000000000 | C6: INGRESOS OPERATIVOS | D6: =+D7+D26+D52 -> 0 | E6: =+E7+E26+E52 -> 0 | F6: =E6-D6 -> 0 | G6: =IFERROR(D6*100/E6,0) -> 0
B7: I41100000000 | C7: Ingresos Operativos por Serv. Financieros | D7: =+D8 -> 0 | E7: =+E8 -> 0 | F7: =E7-D7 -> 0 | G7: =IFERROR(D7*100/E7,0) -> 0
B8: I41101000000 | C8: Ingresos Operativos Actividad Ahorro y Cred | D8: =+SUM(D9:D25) -> 0 | E8: =+SUM(E9:E25) -> 0 | F8: =E8-D8 -> 0 | G8: =IFERROR(D8*100/E8,0) -> 0
B9: I41101010000 | C9: Intereses Compensatorios sobre Prestamos | F9: =E9-D9 -> 0 | G9: =IFERROR(D9*100/E9,0) -> 0
B10: I41101020000 | C10: Intereses Moratorios Cobrados | F10: =E10-D10 -> 0 | G10: =IFERROR(D10*100/E10,0) -> 0
B11: I41101030000 | C11: Intereses Punitorios Cobrados | F11: =E11-D11 -> 0 | G11: =IFERROR(D11*100/E11,0) -> 0
B12: I41101040000 | C12: Intereses Cobrados por Tarj. Créditos | F12: =E12-D12 -> 0 | G12: =IFERROR(D12*100/E12,0) -> 0
B13: I41101050000 | C13: Comisiones Cobradas sobre Préstamos | F13: =E13-D13 -> 0 | G13: =IFERROR(D13*100/E13,0) -> 0
B14: I41101060000 | C14: Intereses Cobrados s/ Dep. Vista | F14: =E14-D14 -> 0 | G14: =IFERROR(D14*100/E14,0) -> 0
B15: I41101070000 | C15: Intereses Cobrados s/ Dep. a Plazo | F15: =E15-D15 -> 0 | G15: =IFERROR(D15*100/E15,0) -> 0
B16: I41101080000 | C16: Intereses Cobrados s/ Inversiones | F16: =E16-D16 -> 0 | G16: =IFERROR(D16*100/E16,0) -> 0
B17: I41101090000 | C17: Dividendos sobre Inversiones | F17: =E17-D17 -> 0 | G17: =IFERROR(D17*100/E17,0) -> 0
B18: I41101100000 | C18: Cuotas de Ingreso no retornables | F18: =E18-D18 -> 0 | G18: =IFERROR(D18*100/E18,0) -> 0
B19: I41101110000 | C19: Créditos Liquidados por Incobrables Recuperados | F19: =E19-D19 -> 0 | G19: =IFERROR(D19*100/E19,0) -> 0
B20: I41101120000 | C20: Plusvalía por Venta de Inversiones | F20: =E20-D20 -> 0 | G20: =IFERROR(D20*100/E20,0) -> 0
... B25: I41101170000 | C25: Desafectación de Previsiones | F25: =E25-D25 -> 0 | G25: =IFERROR(D25*100/E25,0) -> 0
B26: I41200000000 | C26: Ingresos Operativos por Ventas | D26: =+D27+D39 -> 0 | E26: =+E27+E39 -> 0 | F26: =E26-D26 -> 0 | G26: =IFERROR(D26*100/E26,0) -> 0
B27: I41201000000 | C27: Ingresos Operativos por Ventas a Socios | D27: =+D28+D29+D30+D31+D32+D33+D34+D35+D36+D37+D38 -> 0 | E27: =+E28+E29+E30+E31+E32+E33+E34+E35+E36+E37+E38 -> 0 | F27: =E27-D27 -> 0 | G27: =IFERROR(D27*100/E27,0) -> 0
B28: I41201010000 | C28: Ventas Mercaderías | F28: =E28-D28 -> 0 | G28: =IFERROR(D28*100/E28,0) -> 0
B29: I41201020000 | C29: Ventas Hospital | F29: =E29-D29 -> 0 | G29: =IFERROR(D29*100/E29,0) -> 0
B30: I41201030000 | C30: Ventas Estancia | F30: =E30-D30 -> 0 | G30: =IFERROR(D30*100/E30,0) -> 0
B31: I41201040000 | C31: Ventas Supermercado | F31: =E31-D31 -> 0 | G31: =IFERROR(D31*100/E31,0) -> 0
B32: I41201050000 | C32: Ventas Estación de Servicios | F32: =E32-D32 -> 0 | G32: =IFERROR(D32*100/E32,0) -> 0
B33: I41201060000 | C33: Ventas Productos Agropecuarios | F33: =E33-D33 -> 0 | G33: =IFERROR(D33*100/E33,0) -> 0
B34: I41201070000 | C34: Servicios de Educación y Capacitación | F34: =E34-D34 -> 0 | G34: =IFERROR(D34*100/E34,0) -> 0
B35: I41201080000 | C35: Ingresos por Servicios Básicos | F35: =E35-D35 -> 0 | G35: =IFERROR(D35*100/E35,0) -> 0
B36: I41201090000 | C36: Ventas Productos Industrializados | F36: =E36-D36 -> 0 | G36: =IFERROR(D36*100/E36,0) -> 0
B37: I41201100000 | C37: Servicios Protección a la Salud | F37: =E37-D37 -> 0 | G37: =IFERROR(D37*100/E37,0) -> 0
B38: I41201110000 | C38: Otros Ingresos y Servicios | F38: =E38-D38 -> 0 | G38: =IFERROR(D38*100/E38,0) -> 0
B39: I41202000000 | C39: Ingresos Operativos por Ventas a no Socios | D39: =+D40+D41+D42+D43+D44+D45+D46+D47+D48+D49+D50+D51 -> 0 | E39: =+E40+E41+E42+E43+E44+E45+E46+E47+E48+E49+E50+E51 -> 0 | F39: =E39-D39 -> 0 | G39: =IFERROR(D39*100/E39,0) -> 0
B40: I41202010000 | C40: Ventas Mercaderías | F40: =E40-D40 -> 0 | G40: =IFERROR(D40*100/E40,0) -> 0
B41: I41202020000 | C41: Ventas Hospital | F41: =E41-D41 -> 0 | G41: =IFERROR(D41*100/E41,0) -> 0
B42: I41202030000 | C42: Ventas Estancia | F42: =E42-D42 -> 0 | G42: =IFERROR(D42*100/E42,0) -> 0
B43: I41202040000 | C43: Ventas Supermercado | F43: =E43-D43 -> 0 | G43: =IFERROR(D43*100/E43,0) -> 0
B44: I41202050000 | C44: Ventas Estación de Servicios | F44: =E44-D44 -> 0 | G44: =IFERROR(D44*100/E44,0) -> 0
B45: I41202060000 | C45: Ventas Productos Agropecuarios | F45: =E45-D45 -> 0 | G45: =IFERROR(D45*100/E45,0) -> 0
B46: I41202070000 | C46: Servicios de Educación y Capacitación | F46: =E46-D46 -> 0 | G46: =IFERROR(D46*100/E46,0) -> 0
B47: I41202080000 | C47: Ingresos por Servicios Básicos | F47: =E47-D47 -> 0 | G47: =IFERROR(D47*100/E47,0) -> 0
B48: I41202090000 | C48: Otros ingresos y servicios | F48: =E48-D48 -> 0 | G48: =IFERROR(D48*100/E48,0) -> 0
B49: I41202100000 | C49: Ventas Productos Industrializados | F49: =E49-D49 -> 0 | G49: =IFERROR(D49*100/E49,0) -> 0
B50: I41202110000 | C50: Servicios Protección a la Salud | F50: =E50-D50 -> 0 | G50: =IFERROR(D50*100/E50,0) -> 0
B51: I41202120000 | C51: Ventas a Entidades Públicas | F51: =E51-D51 -> 0 | G51: =IFERROR(D51*100/E51,0) -> 0
B52: I41300000000 | C52: INGRESOS OPERATIVOS VARIOS | D52: =+D53 -> 0 | E52: =+E53 -> 0 | F52: =E52-D52 -> 0 | G52: =IFERROR(D52*100/E52,0) -> 0
B53: I41301000000 | C53: Ingresos Operativos Entidades Integración Coop | D53: =+D54+D55+D56 -> 0 | E53: =+E54+E55+E56 -> 0 | F53: =E53-D53 -> 0 | G53: =IFERROR(D53*100/E53,0) -> 0
B54: I41301010000 | C54: Cobro de Cuotas de sostenimiento | F54: =E54-D54 -> 0 | G54: =IFERROR(D54*100/E54,0) -> 0
B55: I41301020000 | C55: Cobro Participación en Excedentes | F55: =E55-D55 -> 0 | G55: =IFERROR(D55*100/E55,0) -> 0
B56: I41301030000 | C56: Otros Ingresos y Servicios | F56: =E56-D56 -> 0 | G56: =IFERROR(D56*100/E56,0) -> 0
B57: I42000000000 | C57: INGRESOS NO OPERATIVOS | D57: =+D58 -> 0 | E57: =+E58 -> 0 | F57: =E57-D57 -> 0 | G57: =IFERROR(D57*100/E57,0) -> 0
B58: I42100000000 | C58: Ingresos Eventuales | D58: =+D59 -> 0 | E58: =+E59 -> 0 | F58: =E58-D58 -> 0 | G58: =IFERROR(D58*100/E58,0) -> 0
B59: I42101000000 | C59: Ingresos Varios | D59: =+D60+D61+D62+D63+D64+D65+D66 -> 0 | E59: =+E60+E61+E62+E63+E64+E65+E66 -> 0 | F59: =E59-D59 -> 0 | G59: =IFERROR(D59*100/E59,0) -> 0
B60: I42101010000 | C60: Diferencia de Cambio | F60: =E60-D60 -> 0 | G60: =IFERROR(D60*100/E60,0) -> 0
B61: I42101020000 | C61: Utilidad en Venta de Activos Fijos | F61: =E61-D61 -> 0 | G61: =IFERROR(D61*100/E61,0) -> 0
B62: I42101030000 | C62: Utilidad en Venta de Bienes Adjudicados | F62: =E62-D62 -> 0 | G62: =IFERROR(D62*100/E62,0) -> 0
B63: I42101040000 | C63: Comisiones por Servicios de Cobranzas | F63: =E63-D63 -> 0 | G63: =IFERROR(D63*100/E63,0) -> 0
B64: I42101050000 | C64: Alquileres Cobrados | F64: =E64-D64 -> 0 | G64: =IFERROR(D64*100/E64,0) -> 0
B65: I42101060000 | C65: Ingresos Extraordinarios | F65: =E65-D65 -> 0 | G65: =IFERROR(D65*100/E65,0) -> 0
B66: I42101070000 | C66: Otros Ingresos no Operativos | F66: =E66-D66 -> 0 | G66: =IFERROR(D66*100/E66,0) -> 0
B68: G50000000000 | C68: EGRESOS | D68: =+D69+D178 -> 0 | E68: =+E69+E178 -> 0 | F68: =E68-D68 -> 0 | G68: =IFERROR(D68*100/E68,0) -> 0
B69: G51000000000 | C69: COSTOS Y GASTOS OPERATIVOS | D69: =+D70+D115+D170 -> 0 | E69: =+E70+E115+E170 -> 0 | F69: =E69-D69 -> 0 | G69: =IFERROR(D69*100/E69,0) -> 0
B70: G51100000000 | C70: Costos y Gastos Operativos Serv. Financieros | D70: =+D71+D85 -> 0 | E70: =+E71+E85 -> 0 | F70: =E70-D70 -> 0 | G70: =IFERROR(D70*100/E70,0) -> 0
B71: G51101000000 | C71: Costos Operativos Actividad Ahorro y Cred | D71: =+SUM(D72:D84) -> 0 | E71: =+SUM(E72:E84) -> 0 | F71: =E71-D71 -> 0 | G71: =IFERROR(D71*100/E71,0) -> 0
B72: G51101010000 | C72: Intereses Pagados a Ahorristas | F72: =E72-D72 -> 0 | G72: =IFERROR(D72*100/E72,0) -> 0
B73: G51101020000 | C73: Intereses Pagados a Otras Entidades | F73: =E73-D73 -> 0 | G73: =IFERROR(D73*100/E73,0) -> 0
B74: G51101030000 | C74: Creditos Liquidados por Incobrables | F74: =E74-D74 -> 0 | G74: =IFERROR(D74*100/E74,0) -> 0
B75: G51101040000 | C75: Previsiones sobre Préstamos Incobrables | F75: =E75-D75 -> 0 | G75: =IFERROR(D75*100/E75,0) -> 0
B76: G51101050000 | C76: Prevision sobre Disponibilidades | F76: =E76-D76 -> 0 | G76: =IFERROR(D76*100/E76,0) -> 0
B77: G51101060000 | C77: Prevision sobre Colocaciones | F77: =E77-D77 -> 0 | G77: =IFERROR(D77*100/E77,0) -> 0
B78: G51101070000 | C78: Prevision sobre Inversiones | F78: =E78-D78 -> 0 | G78: =IFERROR(D78*100/E78,0) -> 0
B79: G51101080000 | C79: Prevision sobre Bienes Adjudicados | F79: =E79-D79 -> 0 | G79: =IFERROR(D79*100/E79,0) -> 0
B80: G51101090000 | C80: Prevision sobre Activos Restringidos | F80: =E80-D80 -> 0 | G80: =IFERROR(D80*100/E80,0) -> 0
B81: G51101100000 | C81: Prevision sobre otros creditos | F81: =E81-D81 -> 0 | G81: =IFERROR(D81*100/E81,0) -> 0
B82: G51101110000 | C82: Prevision sobre Diversos | F82: =E82-D82 -> 0 | G82: =IFERROR(D82*100/E82,0) -> 0
B83: G51101120000 | C83: Sobrecosto en compra de Inversiones | F83: =E83-D83 -> 0 | G83: =IFERROR(D83*100/E83,0) -> 0
B84: G51101130000 | C84: Costo Procesamiento Tarjetas Debito y Crèdito | F84: =E84-D84 -> 0 | G84: =IFERROR(D84*100/E84,0) -> 0
B85: G51102000000 | C85: Gastos Administrativos por Act. Ahorro Cred. | D85: =+SUM(D86:D114) -> 0 | E85: =+SUM(E86:E114) -> 0 | F85: =E85-D85 -> 0 | G85: =IFERROR(D85*100/E85,0) -> 0
B86: G51102010000 | C86: Sueldos Personal Administrativo y Otros | F86: =E86-D86 -> 0 | G86: =IFERROR(D86*100/E86,0) -> 0
B87: G51102020000 | C87: Beneficios sociales | F87: =E87-D87 -> 0 | G87: =IFERROR(D87*100/E87,0) -> 0
B88: G51102030000 | C88: Servicios Publicos | F88: =E88-D88 -> 0 | G88: =IFERROR(D88*100/E88,0) -> 0
B89: G51102040000 | C89: Materiales, Utiles y Papeleria | F89: =E89-D89 -> 0 | G89: =IFERROR(D89*100/E89,0) -> 0
B90: G51102050000 | C90: Depreciación del Ejercicio | F90: =E90-D90 -> 0 | G90: =IFERROR(D90*100/E90,0) -> 0
B91: G51102060000 | C91: Amortizacion Cargos Diferidos | F91: =E91-D91 -> 0 | G91: =IFERROR(D91*100/E91,0) -> 0
B92: G51102070000 | C92: Prevision para Creditos Diversos | F92: =E92-D92 -> 0 | G92: =IFERROR(D92*100/E92,0) -> 0
B93: G51102080000 | C93: Honorarios Profesionales | F93: =E93-D93 -> 0 | G93: =IFERROR(D93*100/E93,0) -> 0
B94: G51102090000 | C94: Servicios de Terceros | F94: =E94-D94 -> 0 | G94: =IFERROR(D94*100/E94,0) -> 0
B95: G51102100000 | C95: Reparacion y Mantenimiento | F95: =E95-D95 -> 0 | G95: =IFERROR(D95*100/E95,0) -> 0
B96: G51102110000 | C96: Procesamiento de Datos | F96: =E96-D96 -> 0 | G96: =IFERROR(D96*100/E96,0) -> 0
B97: G51102120000 | C97: Seguros | F97: =E97-D97 -> 0 | G97: =IFERROR(D97*100/E97,0) -> 0
... B114: G51102290000 | C114: Capacitaciòn | F114: =E114-D114 -> 0 | G114: =IFERROR(D114*100/E114,0) -> 0
B115: G51200000000 | C115: Costos y Gastos Operativos por Ventas | D115: =+D116+D130 -> 0 | E115: =+E116+E130 -> 0 | F115: =E115-D115 -> 0 | G115: =IFERROR(D115*100/E115,0) -> 0
B116: G51201000000 | C116: Costos Operativos por Ventas | D116: =+SUM(D117:D129) -> 0 | E116: =+SUM(E117:E129) -> 0 | F116: =E116-D116 -> 0 | G116: =IFERROR(D116*100/E116,0) -> 0
B117: G51201010000 | C117: Costo de Venta de Mercaderìas | F117: =E117-D117 -> 0 | G117: =IFERROR(D117*100/E117,0) -> 0
B118: G51201020000 | C118: Costo de Venta Hospital | F118: =E118-D118 -> 0 | G118: =IFERROR(D118*100/E118,0) -> 0
B119: G51201030000 | C119: Costo de Venta Estancia | F119: =E119-D119 -> 0 | G119: =IFERROR(D119*100/E119,0) -> 0
B120: G51201040000 | C120: Costo de Venta Supermercado | F120: =E120-D120 -> 0 | G120: =IFERROR(D120*100/E120,0) -> 0
B121: G51201050000 | C121: Costo de Venta Estaciòn de Servicio | F121: =E121-D121 -> 0 | G121: =IFERROR(D121*100/E121,0) -> 0
B122: G51201060000 | C122: Costo de Venta Productos Agropecuarios | F122: =E122-D122 -> 0 | G122: =IFERROR(D122*100/E122,0) -> 0
B123: G51201070000 | C123: Costo Servicio Educacion y Capacitaciòn | F123: =E123-D123 -> 0 | G123: =IFERROR(D123*100/E123,0) -> 0
...

Sheet Cuenta de Orden
B3: CUENTA DE ORDEN
B4: EJERCICIO 2025
B5: Cód. Cuenta | C5: Descripción de Concepto | D5: Ejercicio Anterior | E5: Ejercicio Actual
B6: 70000000000 | C6: CUENTAS DE ORDEN DEUDORAS | D6: =+D7 -> 0 | E6: =+E7 -> 0
B7: 71000000000 | C7: CUENTAS DE ORDEN DEUDORAS | D7: =+D8 -> 0 | E7: =+E8 -> 0
B8: 71101010000 | C8: Deudores por Avales
B9: 71101020000 | C9: Garantías Recibidas en Respaldo de Créditos
B10: 71101030000 | C10: Comodities Recibidos para Fijación de Precios
B11: 71101040000 | C11: Préstamo Liquidados por Incobrables
B12: 71101050000 | C12: Préstamos en Gestión Judicial
B13: 71101060000 | C13: Intereses sobre Préstamos de Dudosa Recuperación
B14: 71101070000 | C14: Préstamos Refinanciados
B15: 71101080000 | C15: Polizas Constituidas
B16: 71101090000 | C16: Bienes Adjudicados
B17: 71101100000 | C17: Contratos en Arrendamiento Financiero
B18: 71101110000 | C18: Mercaderías Recibidas en Consignación
B19: 72000000000 | C19: CUENTAS DE ORDEN DEUDORAS PER CONTRA
... B32: 72101110000 | C32: Acreedores por Mercaderias recibidas en Consignacion
B34: 80000000000 | C34: CUENTAS DE ORDEN ACREEDORAS | D34: =+D35 -> 0 | E34: =+E35 -> 0
B35: 81000000000 | C35: CUENTAS DE ORDEN ACREEDORAS PER CONTRA | D35: =+D36 -> 0 | E35: =+E36 -> 0
B36: 81100000000 | C36: CUENTAS DE ORDEN ACREEDORAS PER CONTRA | D36: =+D37 -> 0 | E36: =+E37 -> 0
B37: 81101000000 | C37: CUENTAS DE ORDEN ACREEDORAS PER CONTRA | D37: =+D38 -> 0 | E37: =+E38 -> 0
B38: 81101010000 | C38: Demandas Legales
B39: 81101020000 | C39: Aportes Compensatorios de Socios Retiras y Exc
B40: 82000000000 | C40: CUENTAS DE ORDEN ACREEDORAS
B41: 82100000000 | C41: CUENTAS DE ORDEN ACREEDORAS
B42: 82101000000 | C42: CUENTAS DE ORDEN ACREEDORAS
B43: 82101010000 | C43: Defensas Legales
B44: 82101020000 | C44: Aplicación de aportes a Compensac. Retiros y Exc

Sheet Indicadores
A3: INDICADORES FINANCIEROS PARA DEMÁS TIPOS DE COOPERATIVAS | D3: SEGÚN INCOOP
A4: Indicador | B4: Descripción
A5: R1 - | B5: Suficiencia de Previsiones para Cartera de Crédito | C5: ='Prev. 1.1'!J12*100/'Prev. 1.1'!I12 -> #DIV/0! | D5: 100
A7: R2 - | B7: Índice de morosidad | C7: =SUM('Prev. 1.1'!D7:D11)*100/'Prev. 1.1'!D12 -> #DIV/0! | D7: Máximo, hasta 2 puntos porcentuales más. del promedio de morosidad publicado por el INCOOP, al cierre del ejercicio anterior.
A9: R3 - | B9: Razón de Respaldo de Corto Plazo | C9: ='Balance General'!E7/'Balance General'!E169 -> #DIV/0! | D9: Mayor a 1
A11: R4 - | B11: Prueba Ácida | C11: =('Balance General'!E7-'Balance General'!E59)/'Balance General'!E169 -> #DIV/0! | D11: Mayor a 0,5% | E11: REFERENCIAL
A13: R5 - | B13: Cobertura de Captaciones | C13: ='Balance General'!E8*100/('Balance General'!E172+'Balance General'!E173+'Balance General'!E209) -> #DIV/0! | D13: Para todas las Cooperativas 2%.
A15: R6 - | B15: Índice de Activos Improductivos | C15: =('Balance General'!E9+'Depositos Bancos Gs'!C20+'Depositos Bancos Ext'!C20+'Balance General'!E50+'Balance General'!E111+'Balance General'!E163+'Balance General'!E149+'Balance General'!E74+'Prev. 1.1'!C34+'Balance General'!E158)*100/'Balance General'!E6 -> #DIV/0! | D15: 0.1
A17: R7 - | B17: Razón de Deuda | C17: ='Balance General'!E168*100/'Balance General'!E6 -> #DIV/0! | D17: Máximo 90%
A19: R8 - | B19: Índice de Solvencia Patrimonial | C19: ='Balance General'!E231*100/'Balance General'!E6 -> #DIV/0! | D19: Cooperativas Tipo"А" mínimo 10%,
A21: R9 - | B21: Apalancamiento | C21: ='Balance General'!E168/'Balance General'!E231 -> #DIV/0! | D21: Máximo 9
A23: R10 - | B23: Margen Bruto | C23: ='Balance General'!E248*100/'Cuadro de Resultado'!E27 -> #DIV/0! | D23: Mínimo Inflación anual
A25: R11 - | B25: Margen Neto | C25: ='Balance General'!E248*100/'Cuadro de Resultado'!E27 -> #DIV/0! | D25: Positivo
A27: R12 - | B27: Rendimiento del Activo | C27: ='Balance General'!E248*100/(('Balance General'!E6+'Balance General'!D6)/2) -> #DIV/0! | D27: Mínimo 2%
A29: R13 - | B29: Rendimiento del Capital | C29: ='Balance General'!E248*100/'Balance General'!E233 -> #DIV/0! | D29: Positivo
A31: R14 - | B31: Índice de Gastos | C31: ='Cuadro de Resultado'!E70*100/'Cuadro de Resultado'!E27 -> #DIV/0! | D31: Menor a 80%
A33: R15 - | B33: Cobertura de Gastos | C33: ='Balance General'!E248*100/'Cuadro de Resultado'!E70 -> #DIV/0! | D33: Mayor a 100%
A35: R16 - | B35: Suficiencia de Previsiones para Depósitos a la Vista | C35: ='Prev. Depositos Vista'!G11*100/'Prev. Depositos Vista'!F11 -> #DIV/0!
A37: R17 - | B37: Suficiencia de Previsiones para Depósitos a Plazos | C37: ='Prev. Depositos Plazo'!G11*100/'Prev. Depositos Plazo'!F11 -> #DIV/0!
A39: R18 - | B39: Suficiencia de Previsiones para Bienes Adjudicados o Recibidos en Dación de Pagos | C39: ='Prev sobre Bienes adjudicados'!H8*100/'Prev sobre Bienes adjudicados'!G8 -> #DIV/0!
A41: R19 - | B41: Suficiencia de Previsiones para Otros Activos de Riesgo | C41: ='Prev s Otros Activos Riesgos'!G9*100/'Prev s Otros Activos Riesgos'!F9 -> #DIV/0!
A43: R20 - | B43: Concentración de Depósitos en Entidades Financieras | C43: ='Depositos Coop. Gs'!F30*100/('Balance General'!E12+'Balance General'!E82) -> #DIV/0!
A45: R21 - | B45: Límite de Créditos por socio | C45: ='Concentración de Créditos'!D7*100/'Balance General'!E231 -> #DIV/0!
A47: R22 - | B47: Límite de captaciones por socio | C47: ='Concentración Ahorros'!D7*100/'Balance General'!E231 -> #DIV/0!

Sheet Socios
B3: Datos sobre socios en la Cooperativa
B4: Descripción | C4: Ejercicio 2024 | D4: Ejercicio 2025
B5: Socios al inicio del ejercicio
B6: Socios admitidos durante el ejercicio
B7: Socios fallecidos durante el ejercicio
B8: Socios expulsados durante el ejercicio
B9: Socios excluidos durante el ejercicio
B10: Socios renunciantes durante el ejercicio
B11: Socios al cierre del ejercicio | C11: =C5+C6-C7-C8-C9-C10 -> 0 | D11: =D5+D6-D7-D8-D9-D10 -> 0
